 Dungeon Crawl Stone Soup version 0.29.1-1-gd02db6906a (webtiles) character file.

Game seed: 15877424818886496439

606 xian the Chopper (level 7, -3/53 HPs)
             Began as a Demonspawn Gladiator on Sept 16, 2022.
             Succumbed to a gnoll's poison
             ... on level 5 of the Dungeon.
             The game lasted 00:07:07 (4528 turns).

xian the Chopper (Demonspawn Gladiator)             Turns: 4528, Time: 00:07:08

Health: -3/53      AC: 15    Str: 16    XL:     7   Next: 19%
Magic:  7/7        EV:  5    Int:  9    God:
Gold:   187        SH:  0    Dex: 15    Spells: 6/6 levels left

rFire   . . .      SeeInvis .   a - +0 war axe
rCold   . . .      Faith    .   (no shield)
rNeg    . . .      Spirit   .   i - +0 plate armour
rPois   .          Reflect  .   (helmet restricted)
rElec   .          Harm     .   o - +0 cloak
rCorr   +          Rampage  .   (no gloves)
Will    .....                   (no boots)
Stlth   ..........              w - amulet of magic regeneration
HPRegen 0.17/turn               r - ring of flight
MPRegen 0.50/turn               y - ring of resist corrosion

@: confused, lethally poisoned (-3 -> -37), ambrosia-drunk, flying
A: horns 1, icy blue scales 2, demonic magic 1
a: no special abilities


You were on level 5 of the Dungeon.
You visited 1 branch of the dungeon, and saw 5 of its levels.

You collected 187 gold pieces.

Inventory:

Hand Weapons
 a - a +0 war axe (weapon)
Missiles
 d - 3 throwing nets
 e - a javelin
 u - 6 boomerangs of dispersal
 v - 4 poisoned darts (quivered)
Armour
 b - a +0 leather armour
 c - a +0 helmet
 i - a +0 plate armour (worn)
 o - a +0 cloak (worn)
Jewellery
 r - a ring of flight (left hand)
 w - an amulet of magic regeneration (around neck)
 y - a ring of resist corrosion (right hand)
Scrolls
 f - 3 scrolls of fear {unknown}
 h - a scroll of teleportation {unknown}
 j - 2 scrolls of vulnerability {unknown}
 k - a scroll of torment {unknown}
 m - 2 scrolls of poison {unknown}
 n - 2 scrolls of enchant weapon {unknown}
 t - a scroll of blinking {unknown}
 x - a scroll of identify {unknown}
Potions
 g - 2 potions of attraction {unknown}
 l - a potion of ambrosia
 p - a potion of magic {unknown}
 s - 2 potions of curing {unknown}


   Skills:
 + Level 3.7 Fighting
 + Level 6.1 Axes
 + Level 1.9 Throwing
 + Level 2.6 Armour
 + Level 3.0 Dodging
 + Level 0.1 Stealth


You had 6 spell levels left.
You didn't know any spells.
Your spell library was empty.

Dungeon Overview and Level Annotations

Branches:
Dungeon (5/15)
 Temple: D:4-7

Altars:
Vehumet
Xom
Yredelemnul


Innate Abilities, Weirdness & Mutations

You have a pair of small horns on your head.
You are mostly covered in icy blue scales. (AC +3)
Spells you cast may paralyse adjacent enemies.


Message History

You are more poisoned.
You hit the gnoll bouda.
The gnoll bouda is almost dead.
* * * LOW HITPOINT WARNING * * *
You feel extremely sick.
The gnoll bouda prays to its god.
The gnoll bouda is healed somewhat.
The gnoll hits you but does no damage. The gnoll bouda barely misses you.
Unknown command.
You slash the gnoll bouda!
You kill the gnoll bouda!
* * * LOW HITPOINT WARNING * * *
You feel very sick.
The gnoll hits you from afar with a +2 spear of venom.
* * * LOW HITPOINT WARNING * * *
You are more poisoned.
The gnoll hits you from afar with a +2 spear of venom.
* * * LOW HITPOINT WARNING * * *
You feel much better.
* * * LOW HITPOINT WARNING * * *
You feel very sick.
The gnoll hits you from afar with a +2 spear of venom.
* * * LOW HITPOINT WARNING * * *
You are more poisoned.
Okay, then.
It was a potion of ambrosia.
You are confused.
You feel invigorated.
* * * LOW HITPOINT WARNING * * *
You feel extremely sick. The gnoll barely misses you.
Okay, then.
* * * LOW HITPOINT WARNING * * *
You feel extremely sick.
The gnoll is no longer moving quickly.
The gnoll hits you but does no damage.
You are more poisoned.
Things that are here:
a +0 club; a +0 robe You miss the gnoll.
Your headbutt misses the gnoll.
You die...

........##.#
≈≈≈≈≈≈≈.)..#
......≈.)..#
#####.≈..#.#
.....#.≈..<.#
.#._.#.≈.#..#
.#.....≈.#....#
.#####.≈g#.##.#
.......≈@#.##.#
≈≈≈≈≈≈≈≈.#....#
...........####
##.......##
#########


You could see a gnoll.

Vanquished Creatures
  Eustachio (D:4)
  A necrophage (D:4)
  A vampire bat (D:3)
  3 jellies (D:4)
  A gnoll bouda (D:5)
  An orc priest (D:3)
  2 gnolls (D:5)
  3 adders (D:2)
  A worm (D:3)
  3 dart slugs
  3 fire bats (D:3)
  5 orcs (D:3)
  2 spectral bats (D:3)
  13 bats
  3 bat skeletons (D:3)
  A bat zombie (D:3)
  An endoplasm (D:3)
  3 giant cockroaches
  11 hobgoblins
  7 jackals
  5 kobolds
  4 quokkas
  5 ball pythons
  A bat simulacrum (D:3)
  A frilled lizard (D:2)
  6 goblins
  3 rats
91 creatures vanquished.

Vanquished Creatures (others)
  A withered plant (D:3)
1 creature vanquished.

Grand Total: 92 creatures vanquished

Notes
Turn   | Place    | Note
-------+----------+-------------------------------------------
     0 | D:1      | xian the Demonspawn Gladiator began the quest for the Orb.
     0 | D:1      | Reached XP level 1. HP: 16/16 MP: 1/1
   187 | D:1      | Reached skill level 3 in Axes
   263 | D:1      | Gained mutation: You are partially covered in icy blue
                  | scales. (AC +2) [demonic ancestry]
   263 | D:1      | Reached XP level 2. HP: 21/22 MP: 2/2
   779 | D:1      | Gained mutation: Spells you cast may paralyse adjacent
                  | enemies. [demonic ancestry]
   779 | D:1      | Reached XP level 3. HP: 27/27 MP: 3/3
  1095 | D:2      | Found a shimmering altar of Xom.
  1509 | D:2      | Gained mutation: You have a pair of small horns on your
                  | head. [demonic ancestry]
  1509 | D:2      | Reached XP level 4. HP: 27/34 MP: 4/4
  1739 | D:3      | Reached skill level 4 in Axes
  1779 | D:3      | Found a basalt altar of Yredelemnul.
  2224 | D:3      | Gained mutation: You are mostly covered in icy blue scales.
                  | (AC +3) [demonic ancestry]
  2224 | D:3      | Reached XP level 5. HP: 22/39 MP: 5/5
  2233 | D:3      | Reached skill level 1 in Armour
  2401 | D:3      | Reached skill level 5 in Axes
  3196 | D:4      | Found a shimmering altar of Xom.
  3279 | D:4      | Noticed Eustachio
  3292 | D:4      | Killed Eustachio
  3293 | D:4      | Reached XP level 6. HP: 28/47 MP: 6/6
  3794 | D:4      | Reached skill level 6 in Axes
  3794 | D:4      | Reached XP level 7. HP: 51/52 MP: 7/7
  4030 | D:5      | Entered Level 5 of the Dungeon
  4030 | D:5      | Found a radiant altar of Vehumet.
  4524 | D:5      | HP: 1/53 [gnoll/+2 spear of venom[a gnoll bouda] (4)]
  4528 | D:5      | Succumbed to a gnoll's poison

Illustrated notes

Levels and vault maps discovered:
D:1:      amcnicky_arrival_blooded_trapdoor, layout_basic
D:2:      layout_basic, basic_altar
D:3:      layout_basic, yredelemnul_altar_generic, kennysheep_minor_cross,
          goddamned_bats
D:4:      layout_basic, amcnicky_altar_gilded, uniq_eustachio
D:5:      layout_basic, general_overflow_altar, mainiacjoe_overflow_brackets,
          lemuel_coloured_pillars_altar

Skill      XL: |  1  2  3  4  5  6 |
---------------+-------------------+-----
Axes           | 3 4 5 6 |  6.1
Dodging        | 3 |  3.0
Armour         | 2 |  2.6
Fighting       | 3 |  3.7
Throwing       | |  1.9
Stealth        | |  0.1

Action                   |  1- 3 |  4- 6 |  7- 9 || total
-------------------------+-------+-------+-------++-------
Melee: War axe           |   106 |   137 |    17 ||   260
       Punch             |     1 |       |       ||     1
       Headbutt          |       |    32 |     3 ||    35
Throw: Javelin           |     1 |       |       ||     1
  Use: Potion            |       |       |     3 ||     3
Armor: Leather armour    |    25 |       |       ||    25
       Plate armour      |    74 |   218 |    29 ||   321
Dodge: Dodged            |    49 |    56 |     6 ||   111
